AoeStats
← Nothing but Hate

Arabia

512005299Analyzed
1v1 RM · 1mo ago on Oct 7, 2026· 28m 51s· 2 players
Game mode
Random Map
Map size
Tiny (2 player)
Population
200
Speed
Normal
Resources
Standard
Victory
Conquest
Starting age
Dark Age
Ending age
Imperial Age
RankedLock teamsTeams togetherTeam positionsShared explorationLock speedFull tech treeHidden civsTurbo modeCheats
Victory
Defeat
🇪🇸 Bulgarians · Spain
1044
+17
vs
🇩🇪 Britons · Germany
1073
-17
sejo1305
6:29 Loom
9:07 Feudal Age
17:36 Double-Bit Axe
18:59 Fletching
21:59 Castle Age
19:50 Horse Collar
20:03 Gold Mining
21:26 Forging
21:22 Scale Barding Armor
22:09 Bloodlines
22:10 Stone Mining
23:18 Husbandry
26:31 Iron Casting
26:22 Bodkin Arrow
29:41 Wheelbarrow
Nothing but Hate
3:02 Loom
10:49 Feudal Age
16:07 Wheelbarrow
25:18 Castle Age
23:40 Double-Bit Axe
Connection lost

Rejoining the realm…

Still unreachable

The connection could not be restored.

Session expired

The server has moved on; the page needs a fresh start.